[Event "Titled Tuesday Blitz June 6 Late 2023"]
[White "Martinez Reyes, Pedro Ramon"]
[Black "Smiechu"]
[WhiteFideId "3901807"]
[WhiteElo "2340"]
[BlackElo "2378"]
[Result "0-1"]
[Round "4"]
[TimeControl "180+2"]
[Date "2023.06.07"]
[WhiteClock "0:00:51"]
[BlackClock "0:00:10"]
[Board "113"]

1. g4 e5 2. Bg2 Nc6 3. d3 Bc5 4. Nc3 d6 5. e3 Nf6 6. h3 Be6 7. a3 Bb6 8. Na4 h5 9. g5 Nd7 10. h4 O-O 11. Qxh5 Nc5 12. Nxb6 axb6 13. Ne2 Qd7 14. f3 Ne7 15. Ng3 d5 16. Bd2 Na4 17. b3 Nc5 18. a4 d4 19. e4 b5 20. a5 b6 21. Ke2 bxa5 22. Rxa5 Rxa5 23. Bxa5 Ng6 24. Bd2 Qc6 25. Nf5 Re8 26. Qg4 Nxb3 27. cxb3 Qc2 28. h5 Nf4+ 29. Qxf4 exf4 30. Rc1 Qb2 31. Nh4 Ra8 32. g6 Ra2 33. gxf7+ Bxf7 34. Rd1 Bxb3 35. Bh3 Bxd1+ 36. Kf1 Qxd2 37. Be6+ Kf8 38. Bxa2 Qe2+ 39. Kg1 Qxa2 40. Ng6+ Ke8 41. Nxf4 Qd2 42. h6 Qxf4 43. h7 Qh4 44. h8=Q+ Qxh8 45. e5 Qh5 46. e6 Bxf3 47. e7 Qg4+ 48. Kf2 Qf4 49. Ke1 Qe3+ 50. Kf1 Qe2+ 51. Kg1 Qg2# 0-1


[Site "https://www.chess.com"]

[Event "Titled Tuesday Blitz June 6 Late 2023"]
[White "Lalanne, Pablo"]
[Black "Gheorghiu, Calin"]
[WhiteFideId "112151"]
[BlackFideId "1200305"]
[WhiteElo "2120"]
[BlackElo "2204"]
[Result "1-0"]
[Round "4"]
[TimeControl "180+2"]
[Date "2023.06.07"]
[WhiteClock "0:00:34"]
[BlackClock "0:00:04"]
[Board "114"]

1. e4 c6 2. d4 d5 3. Nd2 dxe4 4. Nxe4 Bf5 5. Ng3 Bg6 6. h4 h6 7. Nf3 Nd7 8. h5 Bh7 9. Bd3 Bxd3 10. Qxd3 e6 11. Bd2 Ngf6 12. O-O-O Qc7 13. Ne4 O-O-O 14. g3 Nxe4 15. Qxe4 Nf6 16. Qe2 Bd6 17. Kb1 Kb8 18. a3 Ka8 19. c4 c5 20. dxc5 Bxc5 21. Bc3 Qb6 22. Ne5 Rxd1+ 23. Rxd1 Bxf2 24. Nxf7 Rc8 25. Nxh6 gxh6 26. Bxf6 Bxg3 27. Qd2 a6 28. Qxh6 Bd6 29. Ka2 Rxc4 30. Qd2 Rc6 31. h6 Qb5 32. h7 Qc4+ 33. Ka1 Bxa3 34. h8=Q+ Ka7 35. Bd4+ Bc5 36. Bxc5+ Rxc5 37. Qhd4 Qb5 38. Qxc5+ Qxc5 39. Qd4 Qxd4 40. Rxd4 1-0


[Site "https://www.chess.com"]

[Event "Titled Tuesday Blitz June 6 Late 2023"]
[White "Rama, Tejas"]
[Black "Machidon, Cristi"]
[WhiteFideId "30907381"]
[BlackFideId "13904590"]
[WhiteElo "2089"]
[BlackElo "2355"]
[Result "0-1"]
[Round "4"]
[TimeControl "180+2"]
[Date "2023.06.07"]
[WhiteClock "0:00:07"]
[BlackClock "0:00:08"]
[Board "115"]

1. d4 c5 2. d5 e5 3. c4 d6 4. e4 Be7 5. Nf3 Bg4 6. Qa4+ Nd7 7. Nfd2 Bg5 8. Nc3 a6 9. Be2 Bxe2 10. Nxe2 Nf6 11. Ng3 O-O 12. Ndf1 Bxc1 13. Rxc1 b5 14. Qa3 Nb6 15. b3 Qd7 16. Ne3 Rfb8 17. O-O a5 18. f3 g6 19. cxb5 Qxb5 20. Nc4 Nxc4 21. Rxc4 Nd7 22. Rfc1 Nb6 23. R4c2 a4 24. Nf1 axb3 25. Qxb3 Qxb3 26. axb3 Ra3 27. Nd2 Kg7 28. b4 cxb4 29. Rc6 b3 30. Rb1 Na4 31. Ra6 b2 32. Kf2 Ra1 33. Rc6 Rb4 34. Ke3 Rd4 35. Rxb2 Nxb2 36. Nb3 Rd3+ 37. Kf2 Rxb3 38. Kg3 Nd3 39. Rxd6 Ra2 0-1


[Site "https://www.chess.com"]

[Event "Titled Tuesday Blitz June 6 Late 2023"]
[White "Perske, Thore"]
[Black "Ruiz Aguilar, Pablo Alexander"]
[WhiteFideId "12902195"]
[BlackFideId "4401352"]
[WhiteElo "2336"]
[BlackElo "2111"]
[Result "1-0"]
[Round "4"]
[TimeControl "180+2"]
[Date "2023.06.07"]
[WhiteClock "0:01:13"]
[BlackClock "0:00:19"]
[Board "116"]

1. d4 d5 2. Nf3 Nf6 3. g3 Bf5 4. Bg2 e6 5. c4 c6 6. Nc3 Nbd7 7. Nh4 Bg6 8. Nxg6 hxg6 9. Qb3 Qb6 10. Bf4 dxc4 11. Qxc4 Bb4 12. O-O O-O 13. e4 Bxc3 14. bxc3 e5 15. Be3 exd4 16. cxd4 Qd8 17. h3 Nb6 18. Qc2 Re8 19. Rfe1 Qe7 20. Bg5 Qd7 21. Rad1 Rac8 22. Kh2 Nh7 23. Be3 Nf6 24. Bf3 Qe7 25. Bg5 Qa3 26. Kg2 Qa4 27. Qxa4 Nxa4 28. d5 Nc3 29. Bxf6 gxf6 30. Rc1 cxd5 31. exd5 Rxe1 32. Rxe1 Nb5 33. Re7 b6 34. d6 Nxd6 35. Rxa7 Rc5 36. Rd7 Nf5 37. Bd5 Rc2 38. Kg1 Rc1+ 39. Kg2 Rc2 40. Bb3 Ne3+ 41. Kf3 Rc3 42. fxe3 f5 43. Bxf7+ Kg7 44. Bb3+ Kf6 45. Rd6+ Ke5 46. Re6# 1-0


[Site "https://www.chess.com"]

[Event "Titled Tuesday Blitz June 6 Late 2023"]
[White "Mieles Palau, Daniel"]
[Black "julioramirezosio"]
[WhiteFideId "3600467"]
[WhiteElo "2344"]
[BlackElo "2372"]
[Result "1-0"]
[Round "4"]
[TimeControl "180+2"]
[Date "2023.06.07"]
[WhiteClock "0:00:18"]
[BlackClock "0:00:06"]
[Board "117"]

1. b3 g6 2. Bb2 Nf6 3. Nf3 Bg7 4. e3 O-O 5. c4 c6 6. Be2 d5 7. O-O Bg4 8. h3 Bxf3 9. Bxf3 Re8 10. Nc3 e5 11. cxd5 cxd5 12. d4 exd4 13. Qxd4 Nc6 14. Qd2 Ne4 15. Bxe4 dxe4 16. Rad1 Nb4 17. Nb5 Qxd2 18. Rxd2 Bxb2 19. Rxb2 Red8 20. Nd4 Rac8 21. Rd2 f5 22. g4 Kf7 23. gxf5 gxf5 24. f3 Kg8 25. Rg2+ Kh8 26. fxe4 fxe4 27. Rf7 Rg8 28. Rxb7 Nc2 29. Nxc2 Rxg2+ 30. Kxg2 Rxc2+ 31. Kg3 Rxa2 32. Kf4 a5 33. Kxe4 1-0


[Site "https://www.chess.com"]

[Event "Titled Tuesday Blitz June 6 Late 2023"]
[White "Janaszak, Dawid"]
[Black "Prydun, Andriy"]
[WhiteFideId "1119206"]
[BlackFideId "14145898"]
[WhiteElo "2220"]
[BlackElo "2164"]
[Result "1-0"]
[Round "4"]
[TimeControl "180+2"]
[Date "2023.06.07"]
[WhiteClock "0:01:00"]
[BlackClock "0:00:01"]
[Board "118"]

1. e4 c5 2. Nc3 d6 3. f4 g6 4. Nf3 Bg7 5. Bc4 e6 6. O-O Ne7 7. d3 O-O 8. Qe1 d5 9. Bb3 b5 10. Nxb5 Qb6 11. c4 Nbc6 12. Qh4 Qb7 13. f5 gxf5 14. Bh6 Ng6 15. Qh5 d4 16. Ng5 f6 17. Nd6 Qe7 18. Bxg7 Qxg7 19. exf5 exf5 20. Nh3 Nce5 21. Nf4 Nxf4 22. Rxf4 Qg5 23. Rh4 Qxh5 24. Rxh5 Nxd3 25. Rf1 Bd7 26. Bc2 Ne5 27. Bxf5 Bxf5 28. Nxf5 Rad8 29. Ne7+ Kg7 30. Nd5 f5 31. Nf4 Ng6 32. Ne6+ Kf6 33. Nxf8 Rxf8 34. Rhxf5+ Kg7 35. Rxc5 Rd8 36. Rd5 1-0


[Site "https://www.chess.com"]

[Event "Titled Tuesday Blitz June 6 Late 2023"]
[White "sebastianmarinp"]
[Black "Liu, Casper"]
[BlackFideId "1454153"]
[WhiteElo "2372"]
[BlackElo "2221"]
[Result "0-1"]
[Round "4"]
[TimeControl "180+2"]
[Date "2023.06.07"]
[WhiteClock "0:00:01"]
[BlackClock "0:00:56"]
[Board "119"]

1. e4 e5 2. f4 Bc5 3. Nf3 d6 4. Nc3 Nc6 5. Bb5 Nf6 6. d3 a6 7. Bxc6+ bxc6 8. fxe5 dxe5 9. Qe2 Bg4 10. Be3 Bd4 11. Bxd4 Bxf3 12. Qxf3 Qxd4 13. Qf2 Qb4 14. Rb1 Rb8 15. O-O O-O 16. a3 Qe7 17. Ne2 Ng4 18. Qa7 Ra8 19. Qb7 Qc5+ 20. Kh1 Nf2+ 21. Rxf2 Qxf2 22. Ng3 Qxc2 23. Rf1 Qxd3 24. Qxc7 Qb5 25. b4 Rad8 26. h3 Rd3 27. Rf3 Rxf3 28. gxf3 Qd3 29. Kg2 Rd8 30. Nf5 Qd2+ 31. Kg3 Qf4+ 32. Kf2 Rd2+ 33. Ke1 h6 34. Ne7+ Kh7 35. Nxc6 Qe3+ 0-1


[Site "https://www.chess.com"]

[Event "Titled Tuesday Blitz June 6 Late 2023"]
[White "Vaglio Munoz, Jaime"]
[Black "Jaskolka, Tomasz"]
[WhiteFideId "6500145"]
[BlackFideId "1170791"]
[WhiteElo "2199"]
[BlackElo "2155"]
[Result "0-1"]
[Round "4"]
[TimeControl "180+2"]
[Date "2023.06.07"]
[WhiteClock "0:00:16"]
[BlackClock "0:01:24"]
[Board "120"]

1. Nf3 d5 2. c4 c6 3. b3 Nf6 4. Bb2 Bf5 5. g3 e6 6. Bg2 Nbd7 7. d3 Be7 8. a3 h6 9. b4 a5 10. b5 a4 11. Nc3 Nc5 12. bxc6 bxc6 13. Nd4 Qb6 14. Rb1 Nxd3+ 15. exd3 Qxd4 16. Ne4 Qa7 17. Nxf6+ Bxf6 18. Bxf6 Qa5+ 19. Qd2 Qxd2+ 20. Kxd2 gxf6 21. Rb7 O-O 22. cxd5 cxd5 23. Rhb1 Rfc8 24. h3 Bg6 25. g4 Rc5 26. f4 Rac8 27. R1b2 Rc3 28. Bf1 Rxa3 29. Rb8 Rxb8 30. Rxb8+ Kg7 31. Ke3 Ra1 32. Be2 a3 33. h4 a2 34. Ra8 h5 35. f5 exf5 36. gxh5 Bxh5 37. Kd2 Bxe2 38. Kxe2 Rh1 39. Kf3 a1=Q 40. Ke3 Qxa8 41. Kd4 Qa4+ 42. Kxd5 Qxh4 43. d4 Rd1 44. Kd6 Qxd4+ 45. Ke7 Re1# 0-1


[Site "https://www.chess.com"]

[Event "Titled Tuesday Blitz June 6 Late 2023"]
[White "Arun, Siddharth"]
[Black "Ladan, Nicholas"]
[WhiteFideId "2079178"]
[BlackFideId "30918855"]
[WhiteElo "2361"]
[BlackElo "2167"]
[Result "0-1"]
[Round "4"]
[TimeControl "180+2"]
[Date "2023.06.07"]
[WhiteClock "0:00:28"]
[BlackClock "0:00:55"]
[Board "121"]

1. d4 d5 2. Nc3 Nf6 3. Bf4 e6 4. Nb5 Na6 5. e3 Bb4+ 6. c3 Be7 7. a4 O-O 8. Bd3 c6 9. Na3 Bd6 10. Ne2 Re8 11. Bxd6 Qxd6 12. f4 c5 13. Bxa6 bxa6 14. O-O Bd7 15. Nc2 Rab8 16. Ra2 Rb7 17. h3 Reb8 18. b4 cxd4 19. cxd4 a5 20. b5 a6 21. Qd2 axb5 22. axb5 Rxb5 23. Rxa5 Ne4 24. Qe1 Rb2 25. Qc1 Qc7 26. Ra8 Rxa8 27. Qxb2 Rb8 28. Qa2 Bb5 29. Re1 Bxe2 30. Rxe2 Nc3 0-1


[Site "https://www.chess.com"]

[Event "Titled Tuesday Blitz June 6 Late 2023"]
[White "Kaganskiy, Gleb"]
[Black "Fieberg, Samuel"]
[WhiteFideId "4132025"]
[BlackFideId "12901717"]
[WhiteElo "2165"]
[BlackElo "2507"]
[Result "0-1"]
[Round "4"]
[TimeControl "180+2"]
[Date "2023.06.07"]
[WhiteClock "0:00:01"]
[BlackClock "0:00:51"]
[Board "122"]

1. e4 e6 2. d4 d5 3. Nd2 c5 4. exd5 Qxd5 5. Ngf3 cxd4 6. Bc4 Qd6 7. O-O Nf6 8. Nb3 Nc6 9. Nbxd4 Nxd4 10. Qxd4 Qxd4 11. Nxd4 Be7 12. Be2 Bd7 13. Bf3 O-O-O 14. a4 e5 15. Nb5 a6 16. Nc3 Bb4 17. Be3 Bxc3 18. bxc3 Bc6 19. Bxc6 bxc6 20. Rfb1 Nd5 21. Bc5 Nxc3 22. Rb6 Kc7 23. Rxa6 Ra8 24. Bb6+ Kb7 25. Rxa8 Rxa8 26. a5 Nd5 27. Bc5 Ka6 28. c4 Nc3 29. f3 Rd8 30. Ra3 Ne2+ 31. Kf2 Nf4 32. Be3 Ne6 33. Rb3 Rd7 34. Rb6+ Kxa5 35. Rxc6 Kb4 36. Rc8 f5 37. Rb8+ Kxc4 38. g3 f4 39. gxf4 exf4 40. Bb6 Rd2+ 41. Kg1 Ng5 42. Rc8+ Kb5 43. Rc4 Nxf3+ 44. Kf1 Nxh2+ 45. Ke1 Nf3+ 46. Kf1 Kxc4 47. Bf2 g5 0-1


[Site "https://www.chess.com"]

[Event "Titled Tuesday Blitz June 6 Late 2023"]
[White "Filgueira, Hernan"]
[Black "Campos, Maria Jose"]
[WhiteFideId "101770"]
[BlackFideId "146803"]
[WhiteElo "2363"]
[BlackElo "2170"]
[Result "0-1"]
[Round "4"]
[TimeControl "180+2"]
[Date "2023.06.07"]
[WhiteClock "0:01:44"]
[BlackClock "0:02:20"]
[Board "123"]

1. c4 e6 2. Nc3 d5 3. d4 Nf6 4. cxd5 exd5 5. Bg5 c6 6. Qc2 Be7 7. e3 g6 8. Bd3 Nbd7 9. h3 Nb6 10. Nge2 O-O 11. g4 Nc4 12. Bh6 Re8 13. Nf4 Nd6 14. O-O-O Bf8 15. Bxf8 Kxf8 16. g5 Nfe4 17. Bxe4 Nxe4 18. Nxe4 Rxe4 19. h4 Bf5 20. Qd2 c5 21. f3 Rxf4 22. exf4 Rc8 23. Rde1 cxd4+ 24. Kd1 Qb6 25. a3 Qb3+ 26. Ke2 Rc2 0-1


[Site "https://www.chess.com"]

[Event "Titled Tuesday Blitz June 6 Late 2023"]
[White "Pinheiro, Iung Alicio de O."]
[Black "Olsson, William"]
[WhiteFideId "2104350"]
[BlackFideId "1741721"]
[WhiteElo "2283"]
[BlackElo "2197"]
[Result "1-0"]
[Round "4"]
[TimeControl "180+2"]
[Date "2023.06.07"]
[WhiteClock "0:01:56"]
[BlackClock "0:01:42"]
[Board "124"]

1. d4 d5 2. c4 c6 3. Nc3 Nf6 4. cxd5 cxd5 5. Bf4 Nc6 6. e3 a6 7. Rc1 Bf5 8. Nf3 e6 9. Qb3 Qd7 10. Be2 Na5 11. Qb6 Nc4 12. Bxc4 dxc4 13. Ne5 Qd6 14. Qxb7 Rb8 15. Qxf7+ 1-0


[Site "https://www.chess.com"]

[Event "Titled Tuesday Blitz June 6 Late 2023"]
[White "Pace, Christopher"]
[Black "Mei, Austin"]
[WhiteFideId "2610167"]
[BlackFideId "30948479"]
[WhiteElo "2323"]
[BlackElo "2125"]
[Result "1/2-1/2"]
[Round "4"]
[TimeControl "180+2"]
[Date "2023.06.07"]
[WhiteClock "0:00:05"]
[BlackClock "0:00:06"]
[Board "125"]

1. e4 e5 2. Nf3 Nc6 3. Bb5 a6 4. Ba4 Nf6 5. O-O Nxe4 6. Re1 Nc5 7. Nxe5 Nxe5 8. Rxe5+ Be7 9. Bb3 Nxb3 10. axb3 O-O 11. d4 Bf6 12. Re1 d5 13. Bf4 Bf5 14. Nc3 Qd7 15. Ra5 c6 16. Ra1 Rfe8 17. Qd2 Re6 18. Na4 Rae8 19. Nc5 Rxe1+ 20. Rxe1 Rxe1+ 21. Qxe1 Qe7 22. Qxe7 Bxe7 23. Nxb7 Bxc2 24. Na5 c5 25. Be3 cxd4 26. Bxd4 f6 27. Kf1 Bd3+ 28. Ke1 Bb5 29. Kd2 Kf7 30. Kc3 Ke6 31. Nb7 Kd7 32. Nc5+ Kc6 33. Nd3 Bd6 34. Nb4+ Kd7 35. Nxd5 Bxh2 36. g3 h5 37. Ne3 Ke6 38. Ng2 g5 39. Ne1 h4 40. gxh4 gxh4 41. Nf3 Bf4 42. Nxh4 Bg5 43. Nf3 Bf4 44. Nd2 Kf5 45. Nc4 Ke4 46. Be3 Bc7 47. Bd4 f5 1/2-1/2


[Site "https://www.chess.com"]

[Event "Titled Tuesday Blitz June 6 Late 2023"]
[White "Aggelis, Nikolaos"]
[Black "Ward, Ieuan C"]
[WhiteFideId "4213220"]
[BlackFideId "406627"]
[WhiteElo "2189"]
[BlackElo "2319"]
[Result "1-0"]
[Round "4"]
[TimeControl "180+2"]
[Date "2023.06.07"]
[WhiteClock "0:01:26"]
[BlackClock "0:00:13"]
[Board "126"]

1. c4 e6 2. g3 d5 3. Nf3 Nf6 4. Bg2 Be7 5. O-O O-O 6. b3 b6 7. Bb2 Bb7 8. d3 c5 9. Qc2 Nbd7 10. Nbd2 Re8 11. e4 dxe4 12. Nxe4 Nxe4 13. dxe4 Qc7 14. Rfe1 e5 15. Nd2 Nf8 16. Nf1 Ne6 17. Ne3 Nd4 18. Bxd4 cxd4 19. Nd5 Bxd5 20. exd5 Bd6 21. h4 Rac8 22. Bh3 Rb8 23. h5 b5 24. Bf5 g6 25. hxg6 hxg6 26. Bxg6 fxg6 27. Qxg6+ Kf8 28. Qf6+ Kg8 29. Re4 Bf8 30. Rg4+ Bg7 31. d6 Qf7 32. Qg5 Rbd8 33. c5 e4 34. Rd1 e3 35. fxe3 dxe3 36. Rf4 e2 37. Re1 Qe6 38. Rg4 Qe3+ 39. Qxe3 Rxe3 40. Kf2 Rc3 41. Rxe2 Rd7 42. b4 Kf7 43. Rf4+ Bf6 44. g4 Kg6 45. Re6 Rf7 46. d7 Rd3 47. c6 Kg5 48. Rfxf6 1-0


[Site "https://www.chess.com"]

[Event "Titled Tuesday Blitz June 6 Late 2023"]
[White "Krishnakumar, Sriram"]
[Black "Cardozo Munar, Carlos Eduardo"]
[WhiteFideId "30915856"]
[BlackFideId "4409477"]
[WhiteElo "2496"]
[BlackElo "2067"]
[Result "1-0"]
[Round "4"]
[TimeControl "180+2"]
[Date "2023.06.07"]
[WhiteClock "0:01:35"]
[BlackClock "0:01:20"]
[Board "127"]

1. e4 e6 2. d4 d5 3. Nc3 Nf6 4. e5 Nfd7 5. f4 c5 6. Nf3 Nc6 7. Be3 Qb6 8. Na4 Qc7 9. Nxc5 Nxd4 10. Nxd4 Bxc5 11. Bb5 O-O 12. Bxd7 Bxd4 13. Bxd4 Bxd7 14. O-O g6 15. c3 b5 16. b4 a5 17. a3 axb4 18. axb4 Ra4 19. Qg4 Rfa8 20. Rae1 Qd8 21. Qh3 Ra2 22. Re3 Rc2 23. Rg3 Raa2 24. Qh6 Qf8 25. Qg5 Qa8 26. h4 Ra1 27. Rxa1 Qxa1+ 28. Kh2 Qa8 29. h5 Qf8 30. f5 exf5 31. e6 fxe6 32. hxg6 h6 33. Qf4 Re2 34. g7 1-0


[Site "https://www.chess.com"]

[Event "Titled Tuesday Blitz June 6 Late 2023"]
[White "Weisz, Bryan"]
[Black "Swicarz, Maciej"]
[WhiteFideId "30934133"]
[BlackFideId "1113585"]
[WhiteElo "2309"]
[BlackElo "2181"]
[Result "1-0"]
[Round "4"]
[TimeControl "180+2"]
[Date "2023.06.07"]
[WhiteClock "0:00:07"]
[BlackClock "0:00:07"]
[Board "128"]

1. b4 c6 2. Bb2 Qb6 3. a3 a5 4. c4 axb4 5. c5 Qc7 6. axb4 Rxa1 7. Bxa1 b6 8. cxb6 Qxb6 9. Nc3 Qxb4 10. e4 Nf6 11. Nf3 Nxe4 12. Bd3 Nc5 13. Bc2 Ba6 14. d3 e6 15. O-O Bd6 16. Re1 O-O 17. Ng5 Qh4 18. Nf3 Qh5 19. Ne4 Nxe4 20. Rxe4 f5 21. Rh4 Qg6 22. d4 Be7 23. Rh3 d6 24. Rg3 Qf7 25. d5 Bf6 26. dxe6 Qxe6 27. Ng5 Qe2 28. Bb3+ Kh8 29. Qxe2 Bxe2 30. Bxf6 d5 31. Be7 Re8 32. Bd6 Nd7 33. h4 h6 34. Nf3 Nf6 35. Rg6 Kh7 36. h5 Nxh5 37. Nh4 Re4 38. Bc2 Rxh4 39. Bxf5 Kg8 40. Re6 Kf7 41. Rxe2 Nf4 42. Bxf4 Rxf4 43. Bd3 c5 44. g3 Rd4 45. Bf5 c4 46. Kg2 c3 47. Kf3 Kf6 48. Bc2 Rc4 49. Re3 d4 50. Re4 g5 51. Ke2 Rb4 52. Kd3 Kf5 53. Rxd4 Rxd4+ 54. Kxd4+ Kg4 55. Bd1+ Kf5 56. Kxc3 Ke4 57. Kd2 Kd4 58. Ke2 Ke4 59. Bc2+ Ke5 60. Kf3 h5 61. Bg6 h4 62. gxh4 gxh4 63. Kg4 h3 64. Kxh3 Kf4 65. Kg2 1-0


[Site "https://www.chess.com"]

[Event "Titled Tuesday Blitz June 6 Late 2023"]
[White "MunichMouse"]
[Black "Baches Garcia, Guillermo"]
[BlackFideId "2209764"]
[WhiteElo "2302"]
[BlackElo "2490"]
[Result "1-0"]
[Round "4"]
[TimeControl "180+2"]
[Date "2023.06.07"]
[WhiteClock "0:00:10"]
[BlackClock "0:00:03"]
[Board "129"]

1. d4 d5 2. c4 e6 3. Nf3 h6 4. g3 Nf6 5. Bg2 Bd6 6. O-O O-O 7. c5 Be7 8. b4 b6 9. a3 a5 10. Bb2 Ba6 11. Ne5 Nfd7 12. Nd3 Bc4 13. Re1 Nc6 14. e4 axb4 15. exd5 exd5 16. Nxb4 Nxb4 17. axb4 Rxa1 18. Bxa1 Nf6 19. Nd2 b5 20. Bb2 Re8 21. h3 Bf8 22. Kh2 Rxe1 23. Qxe1 Qa8 24. Nxc4 bxc4 25. b5 Qa4 26. Bc3 Qxb5 27. Qe5 Qb3 28. Qxc7 Qxc3 29. c6 Qb4 30. Qd8 c3 31. c7 Qxd4 32. c8=Q Qxf2 33. Qxf8+ Kh7 34. Qxc3 1-0


[Site "https://www.chess.com"]

[Event "Titled Tuesday Blitz June 6 Late 2023"]
[White "Simonovic, Miroslav"]
[Black "Della Morte, German"]
[WhiteFideId "919152"]
[BlackFideId "113522"]
[WhiteElo "2075"]
[BlackElo "2306"]
[Result "1-0"]
[Round "4"]
[TimeControl "180+2"]
[Date "2023.06.07"]
[WhiteClock "0:01:54"]
[BlackClock "0:02:18"]
[Board "130"]

1. d4 d5 2. Bg5 c6 3. e3 Qb6 4. Nd2 Nf6 5. Bxf6 gxf6 6. Nb3 Bf5 7. Bd3 Bg6 8. h4 Nd7 9. h5 Bxd3 10. Qxd3 e5 11. f3 a5 12. O-O-O a4 13. Nd2 Bh6 14. Kb1 Ra5 15. c4 Qa6 16. dxe5 Nxe5 17. Qf5 Bxe3 18. Qc8+ Ke7 19. Qxh8 dxc4 20. Ne4 Qb6 21. Qxf6+ Kf8 22. Rd8+ 1-0


[Site "https://www.chess.com"]

[Event "Titled Tuesday Blitz June 6 Late 2023"]
[White "Kashtanov, Ruslan"]
[Black "Ismayil, Malak"]
[WhiteFideId "4124871"]
[BlackFideId "13412604"]
[WhiteElo "2263"]
[BlackElo "1868"]
[Result "1-0"]
[Round "4"]
[TimeControl "180+2"]
[Date "2023.06.07"]
[WhiteClock "0:00:08"]
[BlackClock "0:00:02"]
[Board "131"]

1. d4 Nf6 2. c4 e6 3. g3 d5 4. Bg2 Be7 5. Nf3 O-O 6. O-O dxc4 7. Qa4 a6 8. Qxc4 b5 9. Qc2 Bb7 10. Bf4 Nc6 11. Nc3 Na5 12. Rfd1 Rc8 13. Rac1 Nc4 14. a4 b4 15. Nb1 Nd6 16. Nbd2 a5 17. Nb3 Be4 18. Qc5 Nd5 19. Nxa5 Nxf4 20. gxf4 Nb7 21. Nxb7 Bxb7 22. Qb5 Bd5 23. Ne5 c6 24. Qd3 Qd6 25. e4 Ba2 26. Ra1 b3 27. Qe3 f6 28. Nc4 Qb4 29. Rdc1 Qxa4 30. Nb6 Qb4 31. Nxc8 Rxc8 32. Bh3 Qd6 33. e5 fxe5 34. dxe5 Qd5 35. Rd1 Qc4 36. Rd4 Qc5 37. Bxe6+ Kf8 38. Bxc8 1-0


[Site "https://www.chess.com"]

[Event "Titled Tuesday Blitz June 6 Late 2023"]
[White "Pasti, Aron"]
[Black "Narva, Triin"]
[WhiteFideId "785857"]
[BlackFideId "4502680"]
[WhiteElo "2173"]
[BlackElo "1976"]
[Result "1-0"]
[Round "4"]
[TimeControl "180+2"]
[Date "2023.06.07"]
[WhiteClock "0:00:58"]
[BlackClock "0:00:01"]
[Board "132"]

1. e4 d5 2. exd5 Qxd5 3. Nc3 Qd6 4. d4 Nf6 5. Bc4 Nc6 6. Nge2 Bg4 7. f3 Bh5 8. Bf4 Qb4 9. Bb3 O-O-O 10. a3 Qa5 11. O-O e6 12. Be3 Bd6 13. Ne4 Nxe4 14. fxe4 Qb5 15. Nc3 Qa5 16. Qe1 Bg6 17. d5 exd5 18. exd5 Ne5 19. Ne4 Qa6 20. Nxd6+ Qxd6 21. Qb4 a6 22. Bc5 Qd7 23. Qc3 Ng4 24. d6 c6 25. Bc4 Nf6 26. Qa5 b5 27. Be2 Qb7 28. Bf3 Rhe8 29. Rfe1 1-0


[Site "https://www.chess.com"]

[Event "Titled Tuesday Blitz June 6 Late 2023"]
[White "Sailer, Mike"]
[Black "ArchibaldCerveza29"]
[WhiteFideId "2012901"]
[WhiteElo "2109"]
[BlackElo "2481"]
[Result "0-1"]
[Round "4"]
[TimeControl "180+2"]
[Date "2023.06.07"]
[WhiteClock "0:00:01"]
[BlackClock "0:00:11"]
[Board "133"]

1. d4 d5 2. Bg5 f6 3. Bd2 c5 4. dxc5 e5 5. b4 a5 6. c3 Nh6 7. Bxh6 gxh6 8. e4 dxe4 9. Qh5+ Ke7 10. Bc4 Qe8 11. Qe2 Qg6 12. Bd5 f5 13. g4 axb4 14. cxb4 Nc6 15. Bxc6 bxc6 16. Nc3 Ba6 17. b5 cxb5 18. Nd5+ Kf7 19. Nc7 Bxc5 20. Nxa6 Rxa6 21. Qxb5 Qd6 22. Ne2 Bb4+ 23. Kf1 Rb8 24. Qc4+ Kg7 25. gxf5 Qc6 26. Rg1+ Kf6 27. Qb3 Ra3 28. Qb2 Bd6 29. Qd2 Bf8 30. Qe3 Rxe3 31. fxe3 Bc5 32. Rc1 Qb6 33. Nc3 Rd8 0-1


[Site "https://www.chess.com"]

[Event "Titled Tuesday Blitz June 6 Late 2023"]
[White "Estrada Nieto, Julian"]
[Black "Jaivardhan Raj"]
[WhiteFideId "5101018"]
[BlackFideId "25744437"]
[WhiteElo "2161"]
[BlackElo "1772"]
[Result "0-1"]
[Round "4"]
[TimeControl "180+2"]
[Date "2023.06.07"]
[WhiteClock "0:00:05"]
[BlackClock "0:00:32"]
[Board "134"]

1. e4 c5 2. Nf3 e6 3. c3 d5 4. exd5 exd5 5. d4 Nc6 6. Bb5 cxd4 7. Nxd4 Bd7 8. O-O Bd6 9. Re1+ Nge7 10. Bg5 O-O 11. Bd3 Nxd4 12. cxd4 f6 13. Bh4 Qc7 14. Bg3 Bxg3 15. hxg3 Nf5 16. Nc3 Qd6 17. Rc1 a6 18. Nxd5 Kh8 19. Bxf5 Bxf5 20. Ne3 Bg6 21. d5 Rad8 22. Qd4 Rfe8 23. Qc5 Qxc5 24. Rxc5 b6 25. Rc6 Rxd5 26. Rxb6 Rd2 27. a4 h6 28. b4 Rb2 29. Rd1 Re4 30. Rd8+ Kh7 31. Rbb8 Bf7 32. Nd5 Bxd5 33. Rxd5 Re1+ 34. Kh2 Rxf2 35. Rd7 Ree2 36. Rbb7 Rxg2+ 37. Kh3 Rh2+ 38. Kg4 h5+ 39. Kf5 Rhf2# 0-1


[Site "https://www.chess.com"]

[Event "Titled Tuesday Blitz June 6 Late 2023"]
[White "Francisco_Ferrari"]
[Black "Shapiro, Viktor"]
[BlackFideId "4175700"]
[WhiteElo "2179"]
[BlackElo "2212"]
[Result "1-0"]
[Round "4"]
[TimeControl "180+2"]
[Date "2023.06.07"]
[WhiteClock "0:00:49"]
[BlackClock "0:00:52"]
[Board "135"]

1. c4 c5 2. Nf3 Nc6 3. d4 cxd4 4. Nxd4 Nf6 5. Nc3 d6 6. e4 e6 7. Be2 Bd7 8. Be3 Be7 9. O-O a6 10. Rc1 Rc8 11. Qd2 O-O 12. Rfd1 Qc7 13. f3 Qb8 14. g4 h6 15. Kh1 Rfe8 16. Rg1 Nh7 17. f4 Nxd4 18. Bxd4 b5 19. g5 hxg5 20. fxg5 b4 21. g6 fxg6 22. Rxg6 Bf6 23. Bxf6 Nxf6 24. Qg5 Re7 25. Rg1 Kf8 26. Rxg7 Rxg7 27. Qxg7+ Ke8 28. Qxf6 1-0


[Site "https://www.chess.com"]

[Event "Titled Tuesday Blitz June 6 Late 2023"]
[White "Petesch, Gabriel"]
[Black "Cluke86"]
[WhiteFideId "2032465"]
[WhiteElo "2374"]
[BlackElo "2139"]
[Result "1-0"]
[Round "4"]
[TimeControl "180+2"]
[Date "2023.06.07"]
[WhiteClock "0:01:07"]
[BlackClock "0:00:33"]
[Board "136"]

1. d4 d5 2. Nf3 Nf6 3. e3 e6 4. Bd3 Bd6 5. Nbd2 b6 6. e4 dxe4 7. Nxe4 Bb7 8. Qe2 O-O 9. Nxf6+ Qxf6 10. Bg5 Bxf3 11. Qe3 Bf4 12. Bxf4 Bxg2 13. Rg1 Bb7 14. Be5 Qf3 15. Rxg7+ Kh8 16. Rxh7+ Kg8 17. Rh8# 1-0


[Site "https://www.chess.com"]

[Event "Titled Tuesday Blitz June 6 Late 2023"]
[White "Blackwhite017"]
[Black "Roienko, Artur"]
[BlackFideId "14136732"]
[WhiteElo "2114"]
[BlackElo "2062"]
[Result "0-1"]
[Round "4"]
[TimeControl "180+2"]
[Date "2023.06.07"]
[WhiteClock "0:00:10"]
[BlackClock "0:00:33"]
[Board "137"]

1. e4 e6 2. d3 d5 3. Nd2 g6 4. Ngf3 Bg7 5. c3 Ne7 6. g3 O-O 7. Bg2 c5 8. O-O b5 9. Re1 b4 10. e5 Bb7 11. Nf1 d4 12. cxd4 cxd4 13. Bd2 a5 14. a3 Qb6 15. axb4 axb4 16. Rxa8 Bxa8 17. Qa4 Nbc6 18. g4 Bb7 19. Ng3 b3 20. Ne4 Ra8 21. Qc4 Ba6 22. Qc5 Qxc5 23. Nxc5 Nd5 24. Nxb3 Bxd3 25. Nfxd4 Nxe5 26. Nc5 Nxg4 27. Bc3 Nxc3 28. bxc3 Rc8 29. Nxd3 Rxc3 30. Nxe6 fxe6 31. Nf4 Bd4 32. Rxe6 Bxf2+ 33. Kf1 Rc1+ 34. Ke2 Bh4 35. Bd5 Kg7 36. h3 Nf6 37. Re7+ Kh6 38. Rb7 Re1+ 39. Kf3 Rf1+ 40. Ke3 Bg5 0-1


[Site "https://www.chess.com"]